 Dungeon Crawl Stone Soup version 0.19.1 (webtiles) character file.

436 joejoepie the Shield-Bearer (level 6, 0/51 HPs)
             Began as a Deep Dwarf Fighter on Nov 24, 2016.
             Was an Initiate of Hepliaklqana.
             Killed from afar by kraktruk's ghost (29 damage)
             ... with a bolt of negative energy
             ... on level 5 of the Dungeon.
             The game lasted 00:21:28 (3029 turns).

joejoepie the Shield-Bearer (Deep Dwarf Fighter)    Turns: 3029, Time: 00:21:28

Health: 0/51       AC: 13    Str: 19 (20) XL:     6   Next: 68%
Magic:  6/6        EV:  5    Int:  8 (9)  God:    Hepliaklqana [......]
Gold:   206        SH:  9    Dex: 12 (13) Spells: 0 memorised, 5 levels left

rFire  . . .     SeeInvis .     a - +1 war axe
rCold  . . .     Gourm    .     k - +0 chain mail
rNeg   . . .     Faith    .     c - +0 shield
rPois  .         Spirit   .     E - +1 helmet
rElec  .         Reflect  .     (no cloak)
rCorr  .         Harm     .     (no gloves)
MR     .....                    (no boots)
Stlth  ..........               (no amulet)
                                (no ring)
                                u - +2 ring of protection

@: lethally poisoned (0 -> 0), non-regenerating, drained
A: damage resistance, recharge devices, reduced essence, sense surroundings 1,
slow regeneration 3
a: Device Recharging, Recall Ancestor, Ancestor Identity, Renounce Religion


You were on level 5 of the Dungeon.
You worshipped Hepliaklqana.
Hepliaklqana was noncommittal.
You were hungry.

You visited 1 branch of the dungeon, and saw 5 of its levels.

You collected 206 gold pieces.

Inventory:

Hand Weapons
 a - a +1 war axe (weapon)
 b - a +0 hunting sling
 g - a +0 dagger of draining
 o - a +0 spear
 y - a +0 flail
Missiles
 n - 69 stones
 s - 14 bolts
 C - 9 poisoned needles
 D - 8 javelins (quivered)
Armour
 c - a +0 shield (worn)
 i - a +0 helmet
 k - a +0 chain mail (worn)
 q - a +0 helmet
 r - a +0 helmet
 x - a +0 scale mail
 z - a cursed +0 ring mail
 E - a +1 helmet (worn)
Jewellery
 u - a +2 ring of protection (left hand)
 v - an uncursed ring of flight {unknown}
Wands
 e - a wand of heal wounds (6/9)
Scrolls
 h - 2 scrolls of recharging
 w - a scroll of identify
 B - a scroll of remove curse {unknown}
Potions
 d - 3 potions of might
 l - 2 potions of mutation
 m - a potion of invisibility
 t - a potion of degeneration
 A - a potion of curing
Comestibles
 f - 5 bread rations
 j - 2 meat rations
 p - 2 fruits


   Skills:
 + Level 3.7(2.6) Fighting
 + Level 4.6(3.4) Axes
 + Level 0.9(0.0) Slings
 + Level 0.3(0.0) Throwing
 + Level 4.7(3.6) Armour
 + Level 0.9(0.0) Dodging
 + Level 0.3(0.0) Stealth
 + Level 5.0(3.9) Shields


You had 5 spell levels left.
You didn't know any spells.

Dungeon Overview and Level Annotations

Branches:
Dungeon (5/15)
 Temple: D:4-7

Altars:
Fedhas
Hepliaklqana

Annotations:
D:5 kraktruk's ghost, novice DrAE


Innate Abilities, Weirdness & Mutations

You are resistant to damage.
You can recharge devices by infusing magical energy.
You passively map a small area around you.
You do not regenerate.
Your life essence is reduced. (-10% HP)


Message History

Kraktruk's ghost breathes negative energy at you.
The bolt of negative energy hits you!
You feel drained.
You see here a scorpion corpse.
Kraktruk's ghost gestures wildly while chanting.
Kraktruk's ghost begins repelling missiles!
You closely miss kraktruk's ghost. Kraktruk's ghost hits you!
Xochitl misses kraktruk's ghost.
Kraktruk's ghost screams, "I'll kill anyone who wants the ORB!"
You block kraktruk's ghost's attack.
A jackal comes into view.
You slash kraktruk's ghost!
Kraktruk's ghost is lightly damaged.
Xochitl hits kraktruk's ghost but does no damage.
Kraktruk's ghost hits you.
Xochitl hits kraktruk's ghost.
You hit kraktruk's ghost.
Kraktruk's ghost is moderately damaged.
Kraktruk's ghost breathes negative energy at you.
The bolt of negative energy hits you!
You feel drained.
Ouch! That really hurt!
You die...

* * ,, * * * , , *
##+## * * * ##...##
### ##.....## #
##.## ##.......##
#.#R..####.........#
#hW@†....'.........'
###[.$####...<.....#
##.## ##.......##
#.# ##.....## #.#
##...## #.# ##+##
#.# #.# #.# #.#
##.###### ##.##


You could see the friendly Xochitl the ancestor, kraktruk's ghost and a jackal.

Vanquished Creatures
  A bullfrog (D:5)
  A centaur skeleton (D:4)
  A gnoll shaman (D:4)
  An orc wizard (D:3)
  A worker ant (D:4)
  A worker ant zombie (D:5)
  5 gnolls (D:4)
  5 adders
  An ooze (D:3)
  An adder skeleton (D:4)
  2 worms
  4 dart slugs
  2 leopard geckos
  6 orcs
  4 bats
  3 giant cockroaches (D:3)
  3 goblins
  5 hobgoblins
  3 quokkas
  A ball python (D:1)
  4 frilled lizards
  A jackal skeleton (D:4)
  5 kobolds
  4 rats
65 creatures vanquished.

Vanquished Creatures (collateral kills)
  A scorpion (D:5)
  A centaur skeleton (D:5)
2 creatures vanquished.

Grand Total: 67 creatures vanquished

Notes
Turn   | Place    | Note
-------+----------+-------------------------------------------
     0 | D:1      | joejoepie the Deep Dwarf Fighter began the quest for the Orb.
     0 | D:1      | Reached XP level 1. HP: 20/20 MP: 1/1
   264 | D:1      | Reached XP level 2. HP: 27/27 MP: 2/2
   882 | D:2      | Reached XP level 3. HP: 32/34 MP: 3/3
  1134 | D:2      | Found a blossoming altar of Fedhas.
  1748 | D:3      | Reached XP level 4. HP: 39/42 MP: 4/4
  1835 | D:3      | Reached skill level 4 in Shields
  2251 | D:4      | Reached XP level 5. HP: 45/49 MP: 5/5
  2415 | D:4      | Reached XP level 6. HP: 35/56 MP: 6/6
  2829 | D:5      | Entered Level 5 of the Dungeon
  2944 | D:5      | Found a hazy altar of Hepliaklqana.
  2953 | D:5      | Became a worshipper of Hepliaklqana the Forgotten
  3024 | D:5      | Noticed kraktruk's ghost (novice DrAE)
  3024 | D:5      | Reached skill level 5 in Shields
  3029 | D:5      | Killed from afar by kraktruk's ghost

Skill      XL: |  1  2  3  4  5  6 |
---------------+-------------------+-----
Fighting       | 3 |  3.7
Axes           | 3 4 |  4.6
Shields        | 4 5 |  5.0
Armour         | 4 |  4.7
Slings         | |  0.9
Throwing       | |  0.3
Dodging        | |  0.9
Stealth        | |  0.3

Action                   |  1- 3 |  4- 6 || total
-------------------------+-------+-------++-------
Melee: War axe           |   100 |   155 ||   255
 Fire: Hunting sling     |     4 |     2 ||     6
Throw: Javelin           |       |     8 ||     8
Evoke: Wand              |       |     2 ||     2
  Use: Scroll            |     7 |     1 ||     8
       Potion            |     4 |     4 ||     8
  Eat: Chunk             |     3 |     4 ||     7
Armor: Scale mail        |     4 |       ||     4
       Chain mail        |    61 |   102 ||   163
Dodge: Dodged            |    24 |    56 ||    80
Block: Shield            |    60 |   101 ||   161
